 Dungeon Crawl Stone Soup version 0.28.0-45-g0d030f2227 (webtiles) character file.

Game seed: 12627735113276475532

4 DuloT34 the Ruffian (level 1, 0/18 HPs)
             Began as a Naga Transmuter on Apr 20, 2022.
             Slain by a bat (1 damage)
             ... on level 1 of the Dungeon.
             The game lasted 00:00:20 (27 turns).

DuloT34 the Ruffian (Naga Transmuter)                 Turns: 27, Time: 00:00:21

Health: 0/18       AC:  1    Str: 12    XL:     1   Next: 60%
Magic:  1/3        EV:  9    Int: 13    God:
Gold:   16         SH:  0    Dex: 11    Spells: 3/4 levels left

rFire   . . .      SeeInvis +     - Unarmed
rCold   . . .      Faith    .   (no shield)
rNeg    . . .      Spirit   .   a - +0 robe
rPois   +          Reflect  .   (helmet currently unavailable)
rElec   .          Harm     .   (no cloak)
rCorr   .          Rampage  .   (no gloves)
Will    .....                   (no barding)
Stlth   +.........              (no amulet)
HPRegen 0.06/turn               (no ring)
MPRegen 0.08/turn               (no ring)

@: appendages, very slightly contaminated, very slow
A: horns 2, AC +0, large, see invisible, deformed body, poison resistance,
slowness 2, spit poison 1, naga tail 1
a: Spit Poison, End Transformation


You were on level 1 of the Dungeon.
You had temporarily grown beastly horns.
You visited 1 branch of the dungeon, and saw 1 of its levels.

You collected 16 gold pieces.

Inventory:

Armour
 a - a +0 robe (worn)


   Skills:
 - Level 1.0 Fighting
 - Level 1.5 Dodging
 - Level 3.0 Unarmed Combat
 - Level 2.0 Spellcasting
 + Level 2.4 Transmutations


You had 3 spell levels left.
You knew the following spells:

 Your Spells              Type           Power      Damage    Failure   Level
a - Beastly Appendage     Tmut           14%        N/A       10%         1

Your spell library contained the following spells:

 Spells                   Type           Power      Damage    Failure   Level
 Wereblood                Tmut           7%         N/A       14%         2
 Spider Form              Tmut/Pois      4%         N/A       43%         3
 Ice Form                 Ice/Tmut       4%         N/A       83%         4


Dungeon Overview and Level Annotations

Branches:
Dungeon (1/15)

Altars:


Innate Abilities, Weirdness & Mutations

You have temporarily grown beastly horns.
Your serpentine skin is tough. (AC +0)
You have supernaturally acute eyesight. (SInv)
Armour fits poorly on your strangely shaped body.
Your system is resistant to poisons. (rPois)
You cover ground very slowly.
You can spit poison.
You have a snake-like lower body.


Message History

You are too injured to fight recklessly!
You are too injured to fight recklessly!
You are too injured to fight recklessly!
You are too injured to fight recklessly!
You are too injured to fight recklessly!
You hit the dart slug.
You kill the dart slug!
The bat closely misses you.
The giant cockroach bites you but does no damage.
You completely miss the giant cockroach.
You headbutt the giant cockroach.
The giant cockroach is severely wounded.
The bat hits you. The bat hits you but does no damage.
The giant cockroach bites you.
You hit the giant cockroach.
You kill the giant cockroach!
Your horns disappear.
The bat hits you but does no damage. The bat hits you.
* * * LOW HITPOINT WARNING * * *
You miss the bat. The bat hits you but does no damage.
Casting: Beastly Appendage (safe; 10% risk of failure)
Confirm with . or Enter, or press ? or * to list all spells.
You miscast Beastly Appendage.
You are very lightly contaminated with residual magic.
Nothing appears to happen.
The bat barely misses you.
Casting: Beastly Appendage (safe; 10% risk of failure)
Confirm with . or Enter, or press ? or * to list all spells.
You grow a pair of large bovine horns.
The bat hits you.
* * * LOW HITPOINT WARNING * * *
The bat hits you.
* * * LOW HITPOINT WARNING * * *
You hit the bat but do no damage. The bat hits you but does no damage.
The bat hits you.
* * * LOW HITPOINT WARNING * * *
You see here a dart slug corpse.
The bat hits you but does no damage. The bat hits you.
* * * LOW HITPOINT WARNING * * *
You hit the bat but do no damage. The bat hits you but does no damage.
The bat hits you.
You die...

############.#.
#..............
#...............
#..............#
#..............#
#..............+
#..............#
#.....b@.......##.
#......†..........
#................#
####..............
#.#####'#..... #.
##.##.... # #...#
### ##(((###.##
#.(..(#...#


You could see a bat.

Vanquished Creatures
  A dart slug (D:1)
  A giant cockroach (D:1)
2 creatures vanquished.

Notes
Turn   | Place    | Note
-------+----------+-------------------------------------------
     0 | D:1      | DuloT34 the Naga Transmuter began the quest for the Orb.
     0 | D:1      | Reached XP level 1. HP: 18/18 MP: 3/3
    27 | D:1      | Slain by a bat

Illustrated notes

Levels and vault maps discovered:
D:1:      minmay_arrival_shattered_statue, layout_basic,
          dreamdust_ecumenical_altar_hidden_monk_grotto, interstate_on_off,
          nrook_mini_backslash, minmay_statues_item

Action                   || total
-------------------------++-------
Melee: Unarmed           ||     8
       Headbutt          ||     2
 Cast: Beastly Appendage ||     2
Armor: Robe              ||     8
Dodge: Dodged            ||     5
